NCAA
NORTH CAROLINA TAR HEELS @ SETON HALL PIRATES
04/07/2024
 
TOP OF THE 1ST
North Carolina Tar Heels batting - Pitching for Seton Hall Pirates : RHP John Drake
Pitching: RHP John Drake
Batting: RHB Derek Scott 0-0: Ground out 5-3 (Groundball, 5L)
Batting: LHB Matt McCray 0-0: Ball
1-0: Ball
2-0: Fly out, F3 (Popup, 3S)
Batting: LHB Vaughn Carter 0-0: Ball
1-0: Ball
2-0: Called Strike
2-1: Foul Ball, location: 2F
2-2: Strikes out looking
Top of the 1st over - 0 run(s), 0 hit(s), 0 error(s), 0 left on base; North Carolina 0 - Seton Hall 0
BOTTOM OF THE 1ST
Seton Hall Pirates batting - Pitching for North Carolina Tar Heels : LHP Kevin Newton
Pitching: LHP Kevin Newton
Batting: RHB Juan Hinojosa 0-0: Called Strike
0-1: Ball
1-1: Ball
2-1: Foul Ball, location: 2F
2-2: Ball
3-2: Foul Ball, location: 2F
3-2: SINGLE (Line Drive, 6MD)
Batting: LHB Al Gaines 0-0: Called Strike
0-1: Ball
1-1: Ball
2-1: Foul Ball, location: 2F
2-2: Ball
Juan Hinojosa steals 2nd base
3-2: Base on Balls
Batting: RHB Carlos Guevara 0-0: Foul Ball, location: 2F
0-1: SINGLE (Line Drive, 9S)
Juan Hinojosa to third
Al Gaines to second
Runner from 3rd tries for Home, throw and OUT!
Al Gaines to third
Carlos Guevara to second
Batting: LHB Kyle Petersen 0-0: Ball
1-0: Called Strike
1-1: Ball
2-1: SINGLE (Groundball, 6M)
Al Gaines scores
Carlos Guevara to third
Runner from 3rd tries for Home, SAFE, no throw or cutoff
Batting: LHB Mike Pearson 0-0: Called Strike
0-1: Foul Ball, location: 2F
0-2: Foul Ball, location: 2F
0-2: Reached on error, E2 (Groundball, 2L)
Kyle Petersen to second
Batting: RHB Herb Newman 0-0: Swinging Strike
0-1: Grounds into double play, U5-3 (Groundball, 5L)
Bottom of the 1st over - 2 run(s), 3 hit(s), 1 error(s), 1 left on base; North Carolina 0 - Seton Hall 2
TOP OF THE 2ND
North Carolina Tar Heels batting - Pitching for Seton Hall Pirates : RHP John Drake
Batting: RHB Mike Shelton 0-0: Called Strike
0-1: Called Strike
0-2: Strikes out swinging
Batting: LHB José Morales 0-0: Swinging Strike
0-1: Swinging Strike
0-2: Ball
1-2: Strikes out swinging
Batting: SHB Richard Griffin 0-0: Swinging Strike
0-1: Foul Ball, location: 2F
0-2: Ball
1-2: Foul Ball, location: 2F
1-2: Strikes out swinging
Top of the 2nd over - 0 run(s), 0 hit(s), 0 error(s), 0 left on base; North Carolina 0 - Seton Hall 2
BOTTOM OF THE 2ND
Seton Hall Pirates batting - Pitching for North Carolina Tar Heels : LHP Kevin Newton
Batting: SHB Raúl Franco 0-0: Ground out 5-3 (Groundball, 56)
Batting: RHB Jerry Ward 0-0: Ball
1-0: Ball
2-0: Ball
3-0: Called Strike
3-1: Foul Ball, location: 2F
3-2: Foul Ball, location: 2F
3-2: Strikes out swinging
Batting: RHB Michael White 0-0: Ball
1-0: Bunted foul
1-1: Foul Ball, location: 2F
1-2: Foul Ball, location: 2F
1-2: SINGLE (Groundball, 4MD)
Batting: RHB Juan Hinojosa 0-0: Ball
1-0: Called Strike
1-1: Ball
2-1: Swinging Strike
2-2: Foul Ball, location: 2F
2-2: Foul Ball, location: 2F
2-2: Ball
Michael White steals 2nd base
3-2: Base on Balls
Batting: LHB Al Gaines 0-0: Ball
1-0: Foul Ball, location: 2F
1-1: SINGLE (Line Drive, 34D)
Michael White to third
Juan Hinojosa to second
Runner from 3rd tries for Home, SAFE, no throw or cutoff
Batting: RHB Carlos Guevara 0-0: Swinging Strike
0-1: Ball
1-1: SINGLE (Line Drive, 6MD)
Juan Hinojosa to third
Al Gaines to second
Runner from 3rd tries for Home, SAFE, no throw or cutoff
Batting: LHB Kyle Petersen 0-0: Called Strike
0-1: Ground out 4-3 (Groundball, 4)
Bottom of the 2nd over - 2 run(s), 3 hit(s), 0 error(s), 2 left on base; North Carolina 0 - Seton Hall 4
TOP OF THE 3RD
North Carolina Tar Heels batting - Pitching for Seton Hall Pirates : RHP John Drake
Batting: LHB Ronald Gordon 0-0: Called Strike
0-1: Swinging Strike
0-2: Foul Ball, location: 2F
0-2: Foul Ball, location: 2F
0-2: Strikes out swinging
Batting: RHB Jeff Townsley 0-0: Ball
1-0: Swinging Strike
1-1: Foul Ball, location: 2F
1-2: Strikes out swinging
Batting: RHB Preston Wooten 0-0: Ball
1-0: Ground out 6-3 (Groundball, 6)
Top of the 3rd over - 0 run(s), 0 hit(s), 0 error(s), 0 left on base; North Carolina 0 - Seton Hall 4
BOTTOM OF THE 3RD
Seton Hall Pirates batting - Pitching for North Carolina Tar Heels : LHP Kevin Newton
Batting: LHB Mike Pearson 0-0: Ball
1-0: Ball
2-0: Foul Ball, location: 2F
2-1: Ball
3-1: Base on Balls
Batting: RHB Herb Newman 0-0: Ball
Mike Pearson steals 2nd base
1-0: Reached on error, E6 (Groundball, 6M)
Mike Pearson to third
Batting: SHB Raúl Franco 0-0: Foul Ball, location: 2F
0-1: SINGLE (Groundball, 4MD)
Mike Pearson scores
Herb Newman to second
Batting: RHB Jerry Ward 0-0: Ball
1-0: Foul Ball, location: 2F
1-1: Ball
2-1: Swinging Strike
2-2: Reached on error, E4 (Groundball, 4)
Herb Newman to third
Raúl Franco to second
Batting: RHB Michael White 0-0: Ball
1-0: Foul Ball, location: 2F
1-1: Foul Ball, location: 2F
1-2: Foul Ball, location: 2F
1-2: Ball
2-2: Foul Ball, location: 2F
2-2: Foul Ball, location: 2F
2-2: Grounds into double play, 6-4-3 (Groundball, 6)
Herb Newman scores
Raúl Franco to third
Batting: RHB Juan Hinojosa 0-0: Foul Ball, location: 2F
0-1: Ball
1-1: Ground out 4-3 (Groundball, 4)
Bottom of the 3rd over - 2 run(s), 1 hit(s), 2 error(s), 1 left on base; North Carolina 0 - Seton Hall 6
TOP OF THE 4TH
North Carolina Tar Heels batting - Pitching for Seton Hall Pirates : RHP John Drake
Batting: RHB Derek Scott 0-0: Ball
1-0: Called Strike
1-1: Foul Ball, location: 2F
1-2: Ball
2-2: Foul Ball, location: 2F
2-2: Ball
3-2: Foul Ball, location: 2F
3-2: Foul Ball, location: 2F
3-2: Foul Ball, location: 2F
3-2: Base on Balls
Batting: LHB Matt McCray 0-0: Foul Ball, location: 2F
0-1: Foul Ball, location: 2F
0-2: Strikes out looking
Batting: LHB Vaughn Carter 0-0: Ball
1-0: Called Strike
1-1: Called Strike
1-2: Ball
Derek Scott steals 2nd base
2-2: Ball
3-2: Foul Ball, location: 2F
3-2: Base on Balls
Batting: RHB Mike Shelton 0-0: Called Strike
0-1: Swinging Strike
0-2: Ball
1-2: Strikes out looking
Batting: LHB José Morales 0-0: Ball
1-0: Ball
2-0: Foul Ball, location: 2F
2-1: Ball
3-1: Swinging Strike
3-2: Strikes out swinging
Top of the 4th over - 0 run(s), 0 hit(s), 0 error(s), 2 left on base; North Carolina 0 - Seton Hall 6
BOTTOM OF THE 4TH
Seton Hall Pirates batting - Pitching for North Carolina Tar Heels : LHP Kevin Newton
Batting: LHB Al Gaines 0-0: Ball
1-0: Foul Ball, location: 2F
1-1: Called Strike
1-2: Strikes out swinging
Pitching: LHP Scott Henson
Batting: RHB Carlos Guevara 0-0: Called Strike
0-1: Ball
1-1: Reached on error, E5 (Groundball, 5S)
Batting: LHB Kyle Petersen 0-0: Ball
1-0: Ball
2-0: Ball
3-0: Called Strike
3-1: Base on Balls
Carlos Guevara to second
Batting: LHB Mike Pearson 0-0: Ball
1-0: Called Strike
1-1: Called Strike
1-2: Foul Ball, location: 2F
1-2: Ball
2-2: Ball
3-2: Foul Ball, location: 2F
3-2: Fly out, F8 (Flyball, 8LD)
Runner from 2nd tags up, SAFE at 3rd, no throw
Batting: RHB Herb Newman 0-0: Called Strike
0-1: Ball
1-1: Fielders Choice at 2nd, 6-4 (Groundball, 6)
Bottom of the 4th over - 0 run(s), 0 hit(s), 1 error(s), 1 left on base; North Carolina 0 - Seton Hall 6
TOP OF THE 5TH
North Carolina Tar Heels batting - Pitching for Seton Hall Pirates : RHP John Drake
Batting: SHB Richard Griffin 0-0: Ball
1-0: Called Strike
1-1: Ball
2-1: SINGLE (Groundball, 34S)
Batting: LHB Ronald Gordon 0-0: Swinging Strike
0-1: Ball
1-1: Swinging Strike
1-2: Ball
2-2: Ball
3-2: Base on Balls
Richard Griffin to second
Batting: RHB Jeff Townsley 0-0: Ball
1-0: SINGLE (Line Drive, 8RS)
Richard Griffin to third
Ronald Gordon to second
Batting: RHB Preston Wooten 0-0: Ball
1-0: Grounds into double play, U6-3 (Groundball, 6M)
Richard Griffin scores
Ronald Gordon to third
Batting: RHB Derek Scott 0-0: Foul Ball, location: 2F
0-1: Called Strike
0-2: Ground out 5-3 (Groundball, 5S)
Top of the 5th over - 1 run(s), 2 hit(s), 0 error(s), 1 left on base; North Carolina 1 - Seton Hall 6
BOTTOM OF THE 5TH
Seton Hall Pirates batting - Pitching for North Carolina Tar Heels : LHP Scott Henson
Batting: SHB Raúl Franco 0-0: Ball
1-0: Swinging Strike
1-1: Ball
2-1: SINGLE (Line Drive, 4D)
Batting: RHB Jerry Ward 0-0: Fly out, F8 (Flyball, 8RM)
Batting: RHB Michael White 0-0: Foul Ball, location: 2F
0-1: Grounds into double play, 6-4-3 (Groundball, 6)
Bottom of the 5th over - 0 run(s), 1 hit(s), 0 error(s), 0 left on base; North Carolina 1 - Seton Hall 6
TOP OF THE 6TH
North Carolina Tar Heels batting - Pitching for Seton Hall Pirates : RHP John Drake
Batting: LHB Matt McCray 0-0: Ball
1-0: Ball
2-0: SINGLE (Groundball, 34D)
Pitching: RHP Johnny Monroe
Batting: LHB Vaughn Carter 0-0: Foul Ball, location: 2F
0-1: Ball
1-1: Ball
2-1: Foul Ball, location: 2F
2-2: Strikes out looking
Batting: RHB Mike Shelton 0-0: Ball
1-0: Called Strike
1-1: Ball
2-1: Ball
3-1: Base on Balls
Matt McCray to second
Batting: LHB José Morales 0-0: Called Strike
0-1: Ball
1-1: Ball
2-1: Foul Ball, location: 2F
2-2: Strikes out swinging
Batting: SHB Richard Griffin 0-0: Called Strike
0-1: SINGLE (Flyball, 89M)
Matt McCray to third
Mike Shelton to second
Runner from 3rd tries for Home, SAFE, no throw or cutoff
Batting: LHB Ronald Gordon 0-0: Ball
1-0: Fly out, F5 (Popup, 56)
Top of the 6th over - 1 run(s), 2 hit(s), 0 error(s), 2 left on base; North Carolina 2 - Seton Hall 6
BOTTOM OF THE 6TH
Seton Hall Pirates batting - Pitching for North Carolina Tar Heels : LHP Scott Henson
Batting: RHB Juan Hinojosa 0-0: Ball
1-0: Called Strike
1-1: SINGLE (Line Drive, 89S)
Batting: LHB Al Gaines 0-0: Ball
1-0: Called Strike
1-1: SINGLE (Flyball, 8RS)
Juan Hinojosa to second
Batting: RHB Carlos Guevara 0-0: Ball
1-0: Grounds into double play, 6-4-3 (Groundball, 6)
Juan Hinojosa to third
Batting: LHB Kyle Petersen 0-0: Fly out, F6 (Popup, 6D)
Bottom of the 6th over - 0 run(s), 2 hit(s), 0 error(s), 1 left on base; North Carolina 2 - Seton Hall 6
TOP OF THE 7TH
North Carolina Tar Heels batting - Pitching for Seton Hall Pirates : RHP Johnny Monroe
Batting: RHB Jeff Townsley 0-0: Ball
1-0: Foul Ball, location: 2F
1-1: TRIPLE (Flyball, 8RM)
Batting: RHB Preston Wooten 0-0: Ball
1-0: Ball
Wild Pitch!
Jeff Townsley scores
2-0: Swinging Strike
2-1: Ball
3-1: Swinging Strike
3-2: Strikes out looking
Batting: RHB Derek Scott 0-0: Fly out, F8 (Flyball, 78M)
Batting: LHB Matt McCray 0-0: Called Strike
0-1: Ball
1-1: Swinging Strike
1-2: Strikes out swinging
Top of the 7th over - 1 run(s), 1 hit(s), 0 error(s), 0 left on base; North Carolina 3 - Seton Hall 6
BOTTOM OF THE 7TH
Seton Hall Pirates batting - Pitching for North Carolina Tar Heels : LHP Scott Henson
Batting: LHB Mike Pearson 0-0: Swinging Strike
0-1: Swinging Strike
0-2: Ball
1-2: Fly out, F7 (Popup, 78S)
Pitching: LHP Chris McDonald
Batting: RHB Herb Newman 0-0: Called Strike
0-1: Foul Ball, location: 2F
0-2: Ball
1-2: Ball
2-2: Ball
3-2: Strikes out swinging
Batting: SHB Raúl Franco 0-0: Ball
1-0: Reached on error, E6 (Groundball, 6M)
Batting: RHB Jerry Ward 0-0: Fly out, F9 (Flyball, 9LM)
Bottom of the 7th over - 0 run(s), 0 hit(s), 1 error(s), 1 left on base; North Carolina 3 - Seton Hall 6
TOP OF THE 8TH
North Carolina Tar Heels batting - Pitching for Seton Hall Pirates : RHP Johnny Monroe
Pitching: RHP Marvin Corbett
Batting: LHB Vaughn Carter 0-0: Ball
1-0: Ball
2-0: Ball
3-0: Called Strike
3-1: Base on Balls
Pitching: RHP Britt Hall
Batting: RHB Mike Shelton 0-0: Ball
1-0: Called Strike
1-1: SINGLE (Line Drive, 89S)
Vaughn Carter to second
Pitching: LHP Todd Anderson
Batting: LHB José Morales 0-0: Called Strike
0-1: Ball
1-1: Swinging Strike
1-2: Ball
2-2: Ball
3-2: Strikes out swinging
Batting: SHB Richard Griffin 0-0: SINGLE (Groundball, 5D)
Vaughn Carter to third
Mike Shelton to second
Runner from 3rd tries for Home, SAFE, no throw or cutoff
Batting: LHB Ronald Gordon 0-0: Ball
1-0: Foul Ball, location: 2F
1-1: SINGLE (Line Drive, 89M)
Mike Shelton to third
Richard Griffin to second
Runner from 3rd tries for Home, SAFE, throw made at trailing runner, OUT at third!
Pitching: RHP Francisco Villanueva
Batting: RHB Jeff Townsley 0-0: Foul Ball, location: 2F
0-1: Ball
1-1: Ball
2-1: Foul Ball, location: 2F
2-2: Strikes out swinging
Top of the 8th over - 2 run(s), 3 hit(s), 0 error(s), 1 left on base; North Carolina 5 - Seton Hall 6
BOTTOM OF THE 8TH
Seton Hall Pirates batting - Pitching for North Carolina Tar Heels : LHP Chris McDonald
Batting: RHB Michael White 0-0: Ball
1-0: DOUBLE (Flyball, 9M)
Batting: RHB Juan Hinojosa 0-0: Intentional Walk
Batting: LHB Al Gaines 0-0: Grounds into double play, 4-6-3 (Groundball, 4)
Michael White to third
Batting: RHB Carlos Guevara 0-0: Ball
1-0: Ball
2-0: Called Strike
2-1: Ball
3-1: Called Strike
3-2: Base on Balls
Batting: LHB Kyle Petersen 0-0: Ball
1-0: Called Strike
1-1: Ball
2-1: Ground out 1-3 (Groundball, 13)
Bottom of the 8th over - 0 run(s), 1 hit(s), 0 error(s), 2 left on base; North Carolina 5 - Seton Hall 6
TOP OF THE 9TH
North Carolina Tar Heels batting - Pitching for Seton Hall Pirates : RHP Francisco Villanueva
Pitching: RHP Steve Taylor
Now in RF: Michael Miller
Batting: RHB Preston Wooten 0-0: Ball
1-0: Ball
2-0: Called Strike
2-1: Swinging Strike
2-2: Strikes out looking
Batting: RHB Derek Scott 0-0: Foul Ball, location: 2F
0-1: Swinging Strike
0-2: Strikes out swinging
Batting: LHB Matt McCray 0-0: Swinging Strike
0-1: SINGLE (Groundball, 4M)
Batting: LHB Vaughn Carter 0-0: Ball
1-0: Ball
2-0: Ball
3-0: Called Strike
3-1: Called Strike
3-2: Strikes out swinging
Top of the 9th over - 0 run(s), 1 hit(s), 0 error(s), 1 left on base; North Carolina 5 - Seton Hall 6
This league is powered by Out of the Park Baseball, the baseball management simulation game for PC, Mac and Linux
Saturday, April 9th, 2016 - OOTP Baseball 16.8 Build 38